AZL
OAKLAND (AZL) ATHLETICS @ LOS ANGELES A (AZL) ANGELS
08/20/2099
 
TOP OF THE 1ST
Oakland (AZL) Athletics batting - Pitching for Los Angeles A (AZL) Angels : RHP Eric Ferguson
Pitching: RHP Eric Ferguson
Batting: RHB Cortez Alvarez 0-0: SINGLE (Groundball, 6MD, EV 105.6 MPH)
Batting: RHB Paul Webster 0-0: Ball
1-0: Ball
2-0: Ball
3-0: Base on Balls
Cortez Alvarez to second
Batting: RHB Karl Dunham 0-0: Called Strike
0-1: Swinging Strike
0-2: Foul Ball, location: 2F
0-2: Fly out, F9 (Flyball, 9S, EV 89.4 MPH)
Batting: RHB Javier Lopez 0-0: Called Strike
0-1: Ball
1-1: Ball
2-1: Ball
3-1: Base on Balls
Cortez Alvarez to third
Paul Webster to second
Batting: RHB Roberto Marquez 0-0: Swinging Strike
0-1: SINGLE (Groundball, 4MD, EV 85.6 MPH) (infield hit)
Cortez Alvarez scores
Paul Webster to third
Javier Lopez to second
Batting: RHB Jack Varner 0-0: Ball
1-0: Ball
2-0: Called Strike
2-1: Grounds into double play, 5-4-3 (Groundball, 56S, EV 78.1 MPH)
Top of the 1st over - 1 run, 2 hits, 0 errors, 2 left on base; Oakland (AZL) 1 - Los Angeles A (AZL) 0
BOTTOM OF THE 1ST
Los Angeles A (AZL) Angels batting - Pitching for Oakland (AZL) Athletics : RHP William Fosbinder
Pitching: RHP William Fosbinder
Batting: RHB Craig Dolan 0-0: Swinging Strike
0-1: Called Strike
0-2: Ball
1-2: Ball
2-2: Strikes out swinging
Batting: LHB Carlos Aranda 0-0: Foul Ball, location: 3FF
0-1: Swinging Strike
0-2: Ball
1-2: Ball
2-2: Ground out 4-3 (Groundball, 34, EV 85.6 MPH)
Batting: RHB Hector Castillo 0-0: Ball
1-0: Ball
2-0: Called Strike
2-1: Ball
3-1: Fly out, F6 (Popup, 6, EV 76.9 MPH)
Bottom of the 1st over - 0 runs, 0 hits, 0 errors, 0 left on base; Oakland (AZL) 1 - Los Angeles A (AZL) 0
TOP OF THE 2ND
Oakland (AZL) Athletics batting - Pitching for Los Angeles A (AZL) Angels : RHP Eric Ferguson
Batting: RHB Danny Ellis 0-0: Ball
1-0: Foul Ball, location: 9LSF
1-1: Called Strike
1-2: SINGLE (Line Drive, 9S, EV 96.3 MPH)
Batting: RHB Jorge Aleman 0-0: Ball
1-0: Called Strike
1-1: Swinging Strike
1-2: Foul Ball, location: 23F
1-2: Ball
2-2: Strikes out swinging
Batting: RHB Billy Carr 0-0: Grounds into double play, 5-4-3 (Groundball, 5, EV 104.4 MPH)
Top of the 2nd over - 0 runs, 1 hit, 0 errors, 0 left on base; Oakland (AZL) 1 - Los Angeles A (AZL) 0
BOTTOM OF THE 2ND
Los Angeles A (AZL) Angels batting - Pitching for Oakland (AZL) Athletics : RHP William Fosbinder
Batting: LHB Dan Earl 0-0: Fly out, F7 (Flyball, 78D, EV 95.0 MPH)
Batting: RHB Taylor Clarke 0-0: Called Strike
0-1: Swinging Strike
0-2: SINGLE (Groundball, 56, EV 103.1 MPH)
Batting: RHB Juan Thomas 0-0: Called Strike
0-1: Called Strike
Taylor Clarke steals 2nd base
0-2: Strikes out swinging
Batting: RHB Kevin Barnett 0-0: Ball
1-0: Ground out 6-3 (Groundball, 6, EV 85.6 MPH)
Bottom of the 2nd over - 0 runs, 1 hit, 0 errors, 1 left on base; Oakland (AZL) 1 - Los Angeles A (AZL) 0
TOP OF THE 3RD
Oakland (AZL) Athletics batting - Pitching for Los Angeles A (AZL) Angels : RHP Eric Ferguson
Batting: RHB Cortez Alvarez 0-0: Ball
1-0: Swinging Strike
1-1: SINGLE (Line Drive, 6D, EV 96.9 MPH)
Batting: RHB Paul Webster 0-0: Ball
1-0: Bunt missed!
1-1: Fly out, F7 (Flyball, 78M, EV 90.6 MPH)
Batting: RHB Karl Dunham 0-0: Called Strike
0-1: Ball
1-1: Ball
2-1: DOUBLE (Line Drive, 89D, EV 96.3 MPH)
Cortez Alvarez to third
Runner from 3rd tries for Home, SAFE, throw by CF to trailing runner, OUT at third! 8-3-5
Batting: RHB Javier Lopez 0-0: Called Strike
0-1: Foul Ball, location: 2F
0-2: Ball
1-2: Reached via error on a dropped throw from SS, E3 (Groundball, 6D, EV 108.1 MPH)
Batting: RHB Roberto Marquez 0-0: Ball
1-0: Ground out 5-3 (Groundball, 56S, EV 86.9 MPH)
Top of the 3rd over - 1 run, 2 hits, 1 error, 1 left on base; Oakland (AZL) 2 - Los Angeles A (AZL) 0
BOTTOM OF THE 3RD
Los Angeles A (AZL) Angels batting - Pitching for Oakland (AZL) Athletics : RHP William Fosbinder
Batting: RHB Tristan Ballowe 0-0: Called Strike
0-1: Ball
1-1: Foul Ball, location: 5F
1-2: SINGLE (Line Drive, 8RS, EV 96.3 MPH)
Batting: RHB Danny Martinez 0-0: Ball
1-0: Ball
2-0: Foul Ball, location: 9LDF
2-1: Bunt missed!
2-2: Ball
3-2: SINGLE (Groundball, 34D, EV 95.6 MPH)
Tristan Ballowe to second
Runner from 2nd tries for 3rd, SAFE, no throw by RF
Batting: RHB Craig Dolan 0-0: Called Strike
0-1: SINGLE (Groundball, 34D, EV 96.9 MPH)
Tristan Ballowe scores
Danny Martinez to second
Runner from 2nd tries for 3rd, SAFE, throw by RF made to third
Batting: LHB Carlos Aranda 0-0: Ball
1-0: Ball
2-0: Ball
3-0: Called Strike
3-1: Base on Balls
Craig Dolan to second
Batting: RHB Hector Castillo 0-0: Ground out 5-3 (Groundball, 56S, EV 66.3 MPH)
Danny Martinez scores
Craig Dolan to third
Carlos Aranda to second
Batting: LHB Dan Earl 0-0: Swinging Strike
0-1: Called Strike
0-2: Strikes out swinging
Batting: RHB Taylor Clarke 0-0: DOUBLE (Groundball, 5L, EV 97.5 MPH)
Craig Dolan scores
Carlos Aranda scores
Batting: RHB Juan Thomas 0-0: Called Strike
0-1: Ball
1-1: Ball
2-1: Ball
3-1: SINGLE (Line Drive, 6MD, EV 97.5 MPH)
Taylor Clarke to third
Runner from 3rd tries for Home, SAFE, throw by CF to home
Pitching: RHP Nick Connelly
Batting: RHB Kevin Barnett 0-0: Called Strike
0-1: Swinging Strike
0-2: Foul Ball, location: 2F
0-2: Ball
1-2: Strikes out swinging
Bottom of the 3rd over - 5 runs, 5 hits, 0 errors, 1 left on base; Oakland (AZL) 2 - Los Angeles A (AZL) 5
TOP OF THE 4TH
Oakland (AZL) Athletics batting - Pitching for Los Angeles A (AZL) Angels : RHP Eric Ferguson
Batting: RHB Jack Varner 0-0: Called Strike
0-1: Foul Ball, location: 2RF
0-2: Ball
1-2: Ball
2-2: Ball
3-2: Ground out 6-3 (Groundball, 6, EV 105.0 MPH)
Batting: RHB Danny Ellis 0-0: Ground out 4-3 (Groundball, 4MS, EV 86.9 MPH)
Batting: RHB Jorge Aleman 0-0: Ball
1-0: Foul Ball, location: 2LF
1-1: Swinging Strike
1-2: SINGLE (Groundball, 34D, EV 98.1 MPH)
Batting: RHB Billy Carr 0-0: Called Strike
0-1: Foul Ball, location: 3F
0-2: Fly out, F9 (Flyball, 9, EV 91.9 MPH)
Top of the 4th over - 0 runs, 1 hit, 0 errors, 1 left on base; Oakland (AZL) 2 - Los Angeles A (AZL) 5
BOTTOM OF THE 4TH
Los Angeles A (AZL) Angels batting - Pitching for Oakland (AZL) Athletics : RHP Nick Connelly
Batting: RHB Tristan Ballowe 0-0: Foul Ball, location: 2F
0-1: Ball
1-1: Ball
2-1: Foul Ball, location: 2F
2-2: Fly out, F7 (Flyball, 78S, EV 93.8 MPH)
Batting: RHB Danny Martinez 0-0: Fly out, F9 (Flyball, 89S, EV 71.9 MPH)
Batting: RHB Craig Dolan 0-0: Ball
1-0: Called Strike
1-1: Called Strike
1-2: SINGLE (Groundball, 34D, EV 102.5 MPH)
Batting: LHB Carlos Aranda 0-0: Ball
1-0: Foul Ball, location: 5F
1-1: Foul Ball, location: 9LDF
1-2: Fly out, F8 (Flyball, 89D, EV 103.1 MPH)
Bottom of the 4th over - 0 runs, 1 hit, 0 errors, 1 left on base; Oakland (AZL) 2 - Los Angeles A (AZL) 5
TOP OF THE 5TH
Oakland (AZL) Athletics batting - Pitching for Los Angeles A (AZL) Angels : RHP Eric Ferguson
Batting: RHB Cortez Alvarez 0-0: Ball
1-0: Ground out 5-3 (Groundball, 56S, EV 81.3 MPH)
Batting: RHB Paul Webster 0-0: Ball
1-0: Swinging Strike
1-1: Ball
2-1: Ball
3-1: Base on Balls
Batting: RHB Karl Dunham 0-0: Called Strike
0-1: 2-RUN HOME RUN (Flyball, 7D, EV 99.4 MPH), Distance : 382 ft
Batting: RHB Javier Lopez 0-0: Foul Ball, location: 2F
0-1: Ball
1-1: Called Strike
1-2: Fly out, F9 (Flyball, 9D, EV 105.0 MPH)
Batting: RHB Roberto Marquez 0-0: Ball
1-0: Foul Ball, location: 2F
1-1: Foul Ball, location: 9LSF
1-2: Foul Ball, location: 2F
1-2: SINGLE (Groundball, 6, EV 108.1 MPH) (infield hit)
Pitching: RHP Vincent Lozano
Batting: RHB Jack Varner 0-0: Ball
1-0: Ball
2-0: Swinging Strike
2-1: Ground out 5-3 (Groundball, 56S, EV 81.9 MPH)
Top of the 5th over - 2 runs, 2 hits, 0 errors, 1 left on base; Oakland (AZL) 4 - Los Angeles A (AZL) 5
BOTTOM OF THE 5TH
Los Angeles A (AZL) Angels batting - Pitching for Oakland (AZL) Athletics : RHP Nick Connelly
Batting: RHB Hector Castillo 0-0: Ball
1-0: Ball
2-0: Hit by Pitch
Batting: LHB Dan Earl 0-0: Called Strike
0-1: Ball
1-1: Foul Ball, location: 7LDF
1-2: Strikes out swinging
Batting: RHB Taylor Clarke 0-0: Ball
1-0: Ball
2-0: Ball
3-0: Called Strike
3-1: Foul Ball, location: 9LMF
3-2: Strikes out swinging
Hector Castillo steals 2nd base
Batter strikes out.
Batting: RHB Juan Thomas 0-0: Called Strike
0-1: Called Strike
0-2: Foul Ball, location: 9LSF
0-2: Ball
1-2: Ball
2-2: Ball
3-2: Fly out, F8 (Flyball, 8RD, EV 83.1 MPH)
Bottom of the 5th over - 0 runs, 0 hits, 0 errors, 1 left on base; Oakland (AZL) 4 - Los Angeles A (AZL) 5
TOP OF THE 6TH
Oakland (AZL) Athletics batting - Pitching for Los Angeles A (AZL) Angels : RHP Vincent Lozano
Pinch Hitting: LHB Jonathan Tapia 0-0: Called Strike
0-1: Called Strike
0-2: Ball
1-2: Fly out, F9 (Line Drive, 89D, EV 92.5 MPH)
Batting: LHB Armando Nungaray 0-0: Ball
1-0: Ball
2-0: Ball
3-0: Called Strike
3-1: Base on Balls
Batting: RHB Billy Carr 0-0: Ball
1-0: Ball
2-0: Ball
3-0: Called Strike
3-1: Base on Balls
Armando Nungaray to second
Pitching: LHP Jose Camacho
Batting: RHB Cortez Alvarez 0-0: Called Strike
0-1: SINGLE (Groundball, 34D, EV 98.8 MPH)
Armando Nungaray to third
Billy Carr to second
Batting: RHB Paul Webster 0-0: Foul Ball, location: 2F
0-1: Ball
1-1: Ball
2-1: Grounds into fielders choice 4-2 (Groundball, 4, EV 102.5 MPH)
Billy Carr to third
Cortez Alvarez to second
Batting: RHB Karl Dunham 0-0: Called Strike
0-1: Ball
1-1: Ball
2-1: Ball
3-1: Foul Ball, location: 25FF
3-2: Strikes out swinging
Top of the 6th over - 0 runs, 1 hit, 0 errors, 3 left on base; Oakland (AZL) 4 - Los Angeles A (AZL) 5
BOTTOM OF THE 6TH
Los Angeles A (AZL) Angels batting - Pitching for Oakland (AZL) Athletics : RHP Nick Connelly
Now in RF: Jonathan Tapia
Batting: RHB Kevin Barnett 0-0: Foul Ball, location: 2F
0-1: Ball
1-1: Swinging Strike
1-2: Strikes out swinging
Batting: RHB Tristan Ballowe 0-0: Swinging Strike
0-1: Called Strike
0-2: Foul Ball, location: 25F
0-2: Ball
1-2: Foul Ball, location: 3F
1-2: Ball
2-2: Ball
3-2: Base on Balls
Pitching: LHP Rob Lewey
Batting: RHB Danny Martinez 0-0: Called Strike
Tristan Ballowe is caught stealing 2nd base 2-4
0-1: Swinging Strike
0-2: Fly out, F8 (Flyball, 8RXD, EV 97.5 MPH)
Bottom of the 6th over - 0 runs, 0 hits, 0 errors, 0 left on base; Oakland (AZL) 4 - Los Angeles A (AZL) 5
TOP OF THE 7TH
Oakland (AZL) Athletics batting - Pitching for Los Angeles A (AZL) Angels : LHP Jose Camacho
Batting: RHB Javier Lopez 0-0: Swinging Strike
0-1: Ball
1-1: Foul Ball, location: 5FF
1-2: Strikes out swinging
Batting: RHB Roberto Marquez 0-0: Called Strike
0-1: Ball
1-1: Swinging Strike
1-2: Foul Ball, location: 9LSF
1-2: Strikes out swinging, 2-3 out at first.
Batting: RHB Jack Varner 0-0: Called Strike
0-1: DOUBLE (Groundball, 5L, EV 103.1 MPH)
Batting: LHB Jonathan Tapia 0-0: Ball
1-0: Ball
2-0: Ball
3-0: Base on Balls
Batting: RHB Jeff Piercy 0-0: Ball
1-0: Called Strike
1-1: Foul Ball, location: 3DF
1-2: Ball
2-2: Fly out, F9 (Flyball, 89D, EV 107.5 MPH)
Top of the 7th over - 0 runs, 1 hit, 0 errors, 2 left on base; Oakland (AZL) 4 - Los Angeles A (AZL) 5
BOTTOM OF THE 7TH
Los Angeles A (AZL) Angels batting - Pitching for Oakland (AZL) Athletics : LHP Rob Lewey
Batting: RHB Craig Dolan 0-0: Foul Ball, location: 23F
0-1: Ball
1-1: Foul Ball, location: 5F
1-2: SINGLE (Groundball, 6MD, EV 102.5 MPH)
Pinch Hitting: RHB Steve Scanlon 0-0: Foul Ball, location: 2F
0-1: Fly out, F9 (Flyball, 9D, EV 96.9 MPH)
Batting: RHB Hector Castillo 0-0: Ball
1-0: Foul Ball, location: 5F
1-1: Ball
2-1: Ball
3-1: DOUBLE (Line Drive, 7LS, EV 91.3 MPH)
Craig Dolan to third
Batting: RHB Joel Bradford 0-0: Intentional Walk
Batting: RHB Taylor Clarke 0-0: Called Strike
0-1: Foul Ball, location: 2F
0-2: Fly out, F7 (Flyball, 7LS, EV 84.4 MPH)
Batting: RHB Juan Thomas 0-0: Called Strike
0-1: Called Strike
0-2: Ball
1-2: Ball
2-2: Ball
3-2: Foul Ball, location: 2F
3-2: Fly out, F8 (Line Drive, 8LD, EV 94.4 MPH)
Bottom of the 7th over - 0 runs, 2 hits, 0 errors, 3 left on base; Oakland (AZL) 4 - Los Angeles A (AZL) 5
TOP OF THE 8TH
Oakland (AZL) Athletics batting - Pitching for Los Angeles A (AZL) Angels : LHP Jose Camacho
Pitching: RHP Victor Flores
Now at 2B: Rich Howes
Now in RF: Juan Barajas
Batting: RHB Billy Carr 0-0: Ball
1-0: Called Strike
1-1: Ball
2-1: Ball
3-1: SINGLE (Groundball, 6MD, EV 101.3 MPH)
Batting: RHB Cortez Alvarez 0-0: Swinging Strike
0-1: Foul Ball, location: 5F
0-2: Ball
1-2: Foul Ball, location: 2F
1-2: Foul Ball, location: 2F
1-2: Ball
2-2: Strikes out swinging
Batting: RHB Paul Webster 0-0: Called Strike
0-1: Foul Ball, location: 9LDF
0-2: Strikes out swinging
Batting: RHB Karl Dunham 0-0: Called Strike
0-1: Foul Ball, location: 3F
0-2: DOUBLE (Line Drive, 78XD, EV 105.0 MPH)
Billy Carr to third
Batting: RHB Javier Lopez 0-0: Ball
1-0: Foul Ball, location: 2F
1-1: Foul Ball, location: 2F
1-2: Foul Ball, location: 2LF
1-2: Foul Ball, location: 3F
1-2: Ball
2-2: DOUBLE (Flyball, 78D, EV 103.1 MPH)
Billy Carr scores
Karl Dunham scores
Batting: RHB Roberto Marquez 0-0: Ball
1-0: Foul Ball, location: 9LSF
1-1: Swinging Strike
1-2: Foul Ball, location: 5SF
1-2: Ball
2-2: Ball
3-2: Base on Balls
Pitching: RHP Manny Fuentes
Pinch Hitting: LHB Justin Diaz 0-0: Called Strike
0-1: Foul Ball, location: 2F
0-2: Ball
1-2: Ball
2-2: Fly out, F8 (Flyball, 8LM, EV 85.6 MPH)
Top of the 8th over - 2 runs, 3 hits, 0 errors, 2 left on base; Oakland (AZL) 6 - Los Angeles A (AZL) 5
BOTTOM OF THE 8TH
Los Angeles A (AZL) Angels batting - Pitching for Oakland (AZL) Athletics : LHP Rob Lewey
Pitching: RHP Jaylen Adesina
Now at 2B: Dan Albrecht
Pinch Hitting: LHB Chad Smith 0-0: Swinging Strike
0-1: Ball
1-1: Fly out, F9 (Flyball, 89S, EV 76.3 MPH)
Pinch Hitting: LHB Raul Paredes 0-0: Swinging Strike
0-1: Foul Ball, location: 5F
0-2: Foul Ball, location: 9LMF
0-2: Strikes out swinging
Batting: RHB Danny Martinez 0-0: Foul Ball, location: 3F
0-1: Called Strike
0-2: Foul Ball, location: 23FF
0-2: Ball
1-2: Ball
2-2: Ball
3-2: Strikes out swinging
Bottom of the 8th over - 0 runs, 0 hits, 0 errors, 0 left on base; Oakland (AZL) 6 - Los Angeles A (AZL) 5
TOP OF THE 9TH
Oakland (AZL) Athletics batting - Pitching for Los Angeles A (AZL) Angels : RHP Manny Fuentes
Now at 3B: Wilson Dominguez
Now in LF: Raul Paredes
Batting: LHB Jonathan Tapia 0-0: Ground out 6-3 (Groundball, 6, EV 87.5 MPH)
Batting: LHB Alex Montufar 0-0: Ball
1-0: Called Strike
1-1: Ball
2-1: Ball
3-1: Foul Ball, location: 2F
3-2: TRIPLE (Flyball, 78XD, EV 98.1 MPH)
Pinch Hitting: RHB Keith Seabaugh 0-0: Fly out, F8 (Flyball, 8RM, EV 76.3 MPH)
Batting: RHB Cortez Alvarez 0-0: Called Strike
0-1: Called Strike
0-2: Ball
1-2: Fly out, F9 (Line Drive, 9S, EV 106.3 MPH)
Top of the 9th over - 0 runs, 1 hit, 0 errors, 1 left on base; Oakland (AZL) 6 - Los Angeles A (AZL) 5
BOTTOM OF THE 9TH
Los Angeles A (AZL) Angels batting - Pitching for Oakland (AZL) Athletics : RHP Jaylen Adesina
Now at C: Zion Robinson
Pinch Hitting: LHB Karl Eastman 0-0: Ground out 4-3 (Groundball, 4, EV 82.5 MPH)
Batting: LHB Juan Barajas 0-0: Ground out 4-3 (Groundball, 4, EV 86.3 MPH)
Batting: RHB Hector Castillo 0-0: Ball
1-0: Foul Ball, location: 7LSF
1-1: Ball
2-1: Foul Ball, location: 5SF
2-2: Foul Ball, location: 2F
2-2: Foul Ball, location: 3F
2-2: Ground out 6-3 (Groundball, 6, EV 84.4 MPH)
Bottom of the 9th over - 0 runs, 0 hits, 0 errors, 0 left on base; Oakland (AZL) 6 - Los Angeles A (AZL) 5
Sunday, May 12th , 2024 - OOTP Baseball 24.11 Build 85